 Dungeon Crawl Stone Soup version 0.20.0-15-g7f486f2 (webtiles) character file.

795 Merkmirnix the Chopper (level 7, -7/63 HPs)
             Began as a Minotaur Berserker on July 2, 2017.
             Was a Priest of Trog.
             Mangled by a mummy (9 damage)
             ... in an ossuary.
             The game lasted 00:12:25 (3164 turns).

Merkmirnix the Chopper (Minotaur Berserker)         Turns: 3164, Time: 00:12:25

Health: -7/63      AC:  2    Str: 24    XL:     7   Next: 58%
Magic:  6/6        EV: 13    Int:  4    God:    Trog [***...]
Gold:   200        SH:  0    Dex:  9    Spells: 6/6 levels left

rFire    . . .     SeeInvis .   a - +0 hand axe
rCold    . . .     Gourm    .   (no shield)
rNeg     . . .     Faith    .   b - +0 animal skin
rPois    .         Spirit   .   (helmet restricted)
rElec    .         Reflect  .   (no cloak)
rCorr    .         Harm     .   (no gloves)
MR       .....                  (no boots)
Stlth    ++........             (no amulet)
Regen    0.2/turn               (no ring)
MPRegen  0.1/turn               (no ring)

@: berserk cooldown, starving, slowed, very slow
A: retaliatory headbutt, horns 2
a: Berserk, Trog's Hand, Burn Spellbooks, Renounce Religion


You were in an ossuary.
You worshipped Trog.
Trog was most pleased with you.
You were starving.

You visited 1 branch of the dungeon, and saw 4 of its levels.
You also visited: Ossuary.

You collected 200 gold pieces.

Inventory:

Hand Weapons
 a - a +0 hand axe (weapon)
Armour
 b - a +0 animal skin (worn)
Jewellery
 d - a +4 ring of protection {unknown}
 e - a +2 amulet of reflection {unknown}
 h - an uncursed amulet of rage {unknown}
 u - a +4 ring of strength {unknown}
Wands
 B - a wand of iceblast (6/15)
Scrolls
 f - 4 scrolls of recharging {unknown}
 g - 2 scrolls of identify {unknown}
 p - a scroll of amnesia {unknown}
 q - 2 scrolls of magic mapping {unknown}
 s - 3 scrolls of remove curse {unknown}
 t - 3 scrolls of teleportation {unknown}
 y - a scroll of immolation {unknown}
 A - 3 scrolls of enchant armour {unknown}
Potions
 i - a potion of cancellation {unknown}
 j - 2 potions of haste {unknown}
 k - a potion of might {unknown}
 l - 2 potions of mutation {unknown}
 n - a potion of magic {unknown}
 r - a potion of lignification {unknown}
 v - 2 potions of heal wounds {unknown}
 w - a potion of flight {unknown}
 x - 2 potions of curing {unknown}
 z - a potion of invisibility {unknown}
Books
 C - a book of Minor Magic

   Spells                             Type                      Level
   a - Magic Dart                     Conjuration                  1
   b - Blink                          Translocation                2
   c - Call Imp                       Summoning                    2
   d - Slow                           Hexes                        2
   e - Conjure Flame                  Conjuration/Fire             3
   f - Mephitic Cloud                 Conjuration/Poison/Air       3
   Trog disapproves of the use of such an item.
Comestibles
 c - 4 bread rations
 m - a royal jelly
 o - 2 meat rations
 D - an inedible chunk of flesh


   Skills:
 + Level 6.0 Fighting
 + Level 7.9 Axes
 + Level 2.9 Armour
 + Level 4.6 Dodging
 + Level 1.7 Stealth


You had 6 spell levels left.
You didn't know any spells.

Dungeon Overview and Level Annotations

Branches:
Dungeon (4/15)             Temple (0/1) D:4

Altars:
Cheibriados
Fedhas
Ru
Trog


Innate Abilities, Weirdness & Mutations

You reflexively headbutt those who attack you in melee.
You have a pair of horns on your head.


Message History

Trog accepts your kill.
You barely miss the mummy. You hit the mummy.
The mummy is severely damaged.
You are no longer berserk.
Trog's vigour flows through your veins.
You are exhausted.
You feel yourself slow down. The mummy misses you. You furiously retaliate!
You headbutt the mummy, but do no damage.
You hit the mummy but do no damage.
The mummy is severely damaged.
You hit the mummy. You hit the mummy.
The mummy is almost destroyed.
You hit the mummy but do no damage. The mummy barely misses you.
You furiously retaliate!
You headbutt the mummy. The mummy closely misses you.
You barely miss the mummy.
The mummy is almost destroyed.
You hit the mummy but do no damage. The mummy hits you!
You die...

..............
.............
...........
........#
......# #....#
#MM..# #.@..#
#....# #....#
#....# #....#
#....# #.∩∩.#
######


You could see 2 mummies.

Vanquished Creatures
  The ghost of ANON1729 the Destroyer, a novice TeCj (Ossuary)
  Grinder (D:3)
  A scorpion (D:4)
  Natasha (thrice) (D:2)
  2 worker ants
  A big kobold zombie (Ossuary)
  4 mummies (Ossuary)
  4 gnolls
  An adder (D:3)
  An ooze (D:3)
  2 worms
  3 dart slugs
  A leopard gecko (D:2)
  8 orcs (D:3)
  9 bats
  2 giant cockroaches
  9 goblins
  7 hobgoblins
  4 jackals
  8 kobolds
  2 quokkas
  A ball python (D:3)
  A frilled lizard (D:2)
  2 gnoll zombies (Ossuary)
  A goblin zombie (D:4)
  3 hobgoblin zombies
  2 kobold zombies (Ossuary)
  2 orc zombies (Ossuary)
  A quokka skeleton (D:4)
  8 rats
95 creatures vanquished.

Notes
Turn   | Place    | Note
-------+----------+-------------------------------------------
     0 | D:1      | Merkmirnix the Minotaur Berserker began the quest for the Orb.
     0 | D:1      | Reached XP level 1. HP: 19/19 MP: 0/0
    65 | D:1      | Reached skill level 4 in Axes
    66 | D:1      | Reached XP level 2. HP: 22/27 MP: 1/1
   716 | D:1      | Reached XP level 3. HP: 26/33 MP: 2/2
   819 | D:2      | Noticed Natasha
   830 | D:2      | Killed Natasha
  1035 | D:2      | Found a sacrificial altar of Ru.
  1048 | D:2      | Reached ** piety under Trog
  1053 | D:2      | Found a bloodstained altar of Trog.
  1147 | D:2      | Reached XP level 4. HP: 32/41 MP: 3/3
  1218 | D:2      | Noticed Natasha
  1222 | D:2      | Killed Natasha
  1222 | D:2      | Reached skill level 5 in Axes
  1300 | D:2      | Found a snail-covered altar of Cheibriados.
  1615 | D:2      | Noticed Natasha
  1619 | D:2      | Killed Natasha
  1619 | D:2      | Reached XP level 5. HP: 47/47 MP: 4/4
  1772 | D:3      | Noticed Grinder
  1782 | D:3      | Killed Grinder
  1782 | D:3      | Reached skill level 5 in Fighting
  1782 | D:3      | Reached skill level 6 in Axes
  1782 | D:3      | Reached skill level 1 in Stealth
  1782 | D:3      | Reached XP level 6. HP: 56/56 MP: 5/5
  1851 | D:3      | Reached *** piety under Trog
  2551 | D:4      | Found a staircase to the Ecumenical Temple.
  3000 | D:4      | Found a blossoming altar of Fedhas.
  3116 | D:4      | Found a sand-covered staircase.
  3130 | Ossuary  | Entered an ossuary
  3139 | Ossuary  | Noticed ANON1729's ghost (novice TeCj)
  3150 | Ossuary  | Reached XP level 7. HP: 46/61 MP: 6/6
  3152 | Ossuary  | Reached skill level 7 in Axes
  3154 | Ossuary  | Killed ANON1729's ghost
  3159 | Ossuary  | HP: 1/94 [mummy (11)]
  3164 | Ossuary  | Mangled by a mummy

Skill      XL: |  1  2  3  4  5  6  7 |
---------------+----------------------+-----
Axes           | 4 5 6 7 |  7.9
Fighting       | 4 5 6 |  6.0
Dodging        | 3 4 |  4.6
Stealth        | 1 |  1.7
Armour         | |  2.9

Action                   |  1- 3 |  4- 6 |  7- 9 || total
-------------------------+-------+-------+-------++-------
Melee: Hand axe          |    70 |   135 |    13 ||   218
       Headbutt          |     8 |    31 |     2 ||    41
Invok: Berserk           |     1 |     2 |       ||     3
 Stab: Paralysed         |     1 |       |       ||     1
  Eat: Chunk             |     2 |     6 |       ||     8
Armor: Animal skin       |    11 |    19 |     1 ||    31
Dodge: Dodged            |    51 |    85 |     4 ||   140
